 Dungeon Crawl Stone Soup version 0.27-a0-1555-g0e7b3fb1d2 (webtiles) character file.

Game seed: 7072521412035853321

122 Sin92 the Skirmisher (level 4, -7/36 HPs)
             Began as a Demonspawn Fighter on July 14, 2021.
             Killed by divine providence
             ... invoked by an orc priest
              (9 damage)
             ... on level 3 of the Dungeon.
             The game lasted 00:02:07 (2070 turns).

Sin92 the Skirmisher (Demonspawn Fighter)           Turns: 2070, Time: 00:02:08

Health: -7/36      AC:  8    Str: 17    XL:     4   Next: 78%
Magic:  4/4        EV:  7    Int: 10    God:
Gold:   121        SH: 14    Dex: 12    Spells: 3/3 levels left

rFire    . . .     SeeInvis .   a - +0 war axe
rCold    . . .     Faith    .   c - +0 kite shield
rNeg     . . .     Spirit   .   b - +0 scale mail
rPois    .         Reflect  +   (helmet restricted)
rElec    .         Harm     .   (no cloak)
rCorr    .         Rampage  .   (no gloves)
Will     .....                  (no boots)
Stlth    ..........             e - amulet of reflection
HPRegen  0.12/turn              (no ring)
MPRegen  0.18/turn              (no ring)

@: mighty, very slightly contaminated, invisible
A: horns 1, yellow scales 1, magic regeneration
a: no special abilities


You were on level 3 of the Dungeon.
You visited 1 branch of the dungeon, and saw 3 of its levels.

You collected 121 gold pieces.

Inventory:

Hand Weapons
 a - a +0 war axe (weapon)
Armour
 b - a +0 scale mail (worn)
 c - a +0 kite shield (worn)
Jewellery
 e - an amulet of reflection (around neck)
Wands
 g - a wand of iceblast (9)
Scrolls
 k - a scroll of fog {unknown}
Potions
 d - a potion of might
 i - a potion of lignification
 j - a potion of berserk rage {unknown}


   Skills:
 + Level 3.6 Fighting
 + Level 2.5 Axes
 + Level 3.2 Armour
 + Level 1.5 Dodging
 + Level 3.3 Shields


You had 3 spell levels left.
You didn't know any spells.
Your spell library contained the following spells:

 Spells                   Type           Power      Damage    Failure   Level
 Animate Skeleton         Necr           0%         N/A       99%         1
 Apportation              Tloc           0%         N/A       99%         1
 Corona                   Hex            0%         N/A       99%         1
 Summon Small Mammal      Summ           0%         N/A       99%         1
 Call Canine Familiar     Summ           0%         N/A       100%        3
 Summon Guardian Golem    Hex/Summ       0%         N/A       100%        3


Dungeon Overview and Level Annotations

Branches:
Dungeon (3/15)

Altars:
Ru
Beogh

Annotations:
D:3 3 runed translucent doors, Sin92's ghost, amateur DsFi


Innate Abilities, Weirdness & Mutations

You have a pair of small horns on your head.
You are partially covered in yellow scales. (AC +2)
You regenerate magic rapidly.


Message History

There are monsters nearby!
You barely miss the orc. You block the orc's attack.
There are monsters nearby!
Unknown command.
You hit the orc but do no damage. You block the orc's attack.
The orc hits you but does no damage.
Unknown command.
There are monsters nearby!
You closely miss the orc. You block the orc's attack.
The orc priest calls down the wrath of Beogh upon you.
Beogh smites you!
The orc priest looks satisfied for a moment.
Unknown command.
There are monsters nearby!
It was a potion of invisibility.
You fade into invisibility!
The orc closely misses you.
You are very lightly contaminated with residual magic.
You feel very mighty all of a sudden. The orc hits you with a +0 mace.
The orc priest calls down the wrath of Beogh upon you.
Beogh smites you!
* * * LOW HITPOINT WARNING * * *
As you read the scroll labelled LAETI JUBREL, it crumbles to dust.
It is a scroll of identify.
i - a potion of lignification The orc barely misses you.
You barely miss the orc. Your headbutt misses the orc.
You block the orc's attack. x2
You hit the orc.
The orc is severely wounded.
The orc hits you with a +0 mace.
* * * LOW HITPOINT WARNING * * *
You block the orc's attack.
You catch the helpless orc completely off-guard!
You hit the orc. You headbutt the orc.
You kill the orc!
The orc priest mumbles some strange prayers to Beogh against you.
Beogh smites you!
You die... #.# #.# #..# ###.# ..# ....# ..# ##### oo#

.# #o# .#
#########.# .#
#.......#o# .#
#.#####.#@# .#
#.#...#.#.#
.#######.#.....#.#
..)).......#.#.#.#
########.#######.#
#..(......#
###########


You could see 2 orc priests and 2 orcs.

Vanquished Creatures
  An orc wizard (D:3)
  2 adders (D:3)
  2 worms
  3 dart slugs
  8 orcs (D:3)
  9 bats
  3 endoplasms
  2 giant cockroaches
  2 goblins
  5 hobgoblins
  3 jackals (D:1)
  5 quokkas
  5 ball pythons
  2 frilled lizards
  4 kobolds
  2 rats
58 creatures vanquished.

Notes
Turn   | Place    | Note
-------+----------+-------------------------------------------
     0 | D:1      | Sin92 the Demonspawn Fighter began the quest for the Orb.
     0 | D:1      | Reached XP level 1. HP: 18/18 MP: 1/1
    75 | D:1      | Gained mutation: You are partially covered in yellow
                  | scales. (AC +2) [demonic ancestry]
    75 | D:1      | Reached XP level 2. HP: 8/24 MP: 2/2
   325 | D:1      | You fall into a shaft and drop 1 floor!
   523 | D:2      | Found a faded altar of an unknown god.
   645 | D:2      | Gained mutation: You have a pair of small horns on your
                  | head. [demonic ancestry]
   645 | D:2      | Reached XP level 3. HP: 25/29 MP: 3/3
  1107 | D:2      | Reached skill level 1 in Dodging
  1304 | D:3      | Found a runed translucent gate.
  1304 | D:3      | Found a runed translucent gate.
  1304 | D:3      | Found a runed translucent gate.
  1307 | D:3      | Identified the +9 whip of Virtue {holy, rPois MP+9}
  1622 | D:3      | Gained mutation: You regenerate magic rapidly. [demonic
                  | ancestry]
  1622 | D:3      | Reached XP level 4. HP: 33/35 MP: 4/4
  1663 | D:3      | Noticed Sin92's ghost (amateur DsFi)
  1812 | D:3      | Found a sacrificial altar of Ru.
  2070 | D:3      | Killed from afar by an orc priest

Illustrated notes

Levels and vault maps discovered:
D:1:      mrwooster_arrival_statue, layout_basic, glass_columns_c,
          chequers_avenue, chequers_serial_rivers_small_3, chequers_mini_garden
D:2:      layout_loops_corners, ebering_ecumenical_altar_abandoned
D:3:      layout_basic, mainiacjoe_overflow_24_doors, biasface_ghost_orc_armoury

Skill      XL: |  1  2  3 |
---------------+----------+-----
Axes           | 2 |  2.5
Shields        | 3 |  3.3
Armour         | 3 |  3.2
Dodging        | 1 |  1.5
Fighting       | |  3.6

Action                   |  1- 3 |  4- 6 || total
-------------------------+-------+-------++-------
Melee: War axe           |   137 |    42 ||   179
       Headbutt          |    10 |     6 ||    16
  Use: Potion            |     3 |     2 ||     5
       Scroll            |     3 |     1 ||     4
 Stab: Invisible         |       |     1 ||     1
Armor: Scale mail        |    52 |    15 ||    67
Dodge: Dodged            |    35 |    10 ||    45
Block: Kite shield       |   129 |    36 ||   165
       Reflection        |     3 |     1 ||     4

Table legend: (Time is in decaauts)
 A = Elapsed time spent in this place.
 B = Non-inter-level travel time spent in this place.
 C = Inter-level travel time spent in this place.
 D = Time resting spent in this place.
 E = Time spent auto-exploring this place.
 F = Levels seen in this place.
 G = Mean time per level.
                   A        B        C        D        E       F      G
               +--------+--------+--------+--------+--------+-----+--------+
         Total |   2182 |   2182 |      0 |    171 |   1475 |   3 |  727.3 |
       Dungeon |   2182 |   2182 |      0 |    171 |   1475 |   3 |  727.3 |
               +--------+--------+--------+--------+--------+-----+--------+

Top non-repeatable levels by time:
     D:2: 1020 daAuts
     D:3: 811 daAuts
     D:1: 350 daAuts
